Match 46303586
Unlisted

Match 46303586
End
Kradschützen Motorcycle Team
Panzerpioneer Squad
Panzerpioneer Squad
Panzerpioneer Squad
Selects Italian Infantry
Construct Light Support Kompanie
MG34 Team
Fire Support Elements
Selects Guastatori Squad
Guastatori Squad
Flakvierling Half-track
Panzerjäger Mechanized Group
Flakvierling Half-track
2.5-tonne Medical Truck
Quetzalcoatl
Brick_man
0
0

Comments sign in to comment!

No comments posted yet!